 Dungeon Crawl Stone Soup version 0.31.0-9-g3a7656b989 (webtiles) character file.

Game seed: 4774409547320512315

4 McKennaii the Conjurer (level 1, 0/14 HPs)
             Began as a Demigod Conjurer on Jan 26, 2024.
             Slain by a quokka (2 damage)
             ... on level 1 of the Dungeon.
             The game lasted 00:00:20 (230 turns).

McKennaii the Conjurer (Demigod Conjurer)            Turns: 230, Time: 00:00:20

Health: 0/14       AC:  2    Str:  8    XL:     1   Next: 46%
Magic:  0/5        EV: 12    Int: 20    God:
Gold:   38         SH:  0    Dex: 12    Spells: 3/4 levels left

rFire   . . .        (no weapon)
rCold   . . .        (no shield)
rNeg    . . .        a - +0 robe
rPois   .            (no helmet)
rElec   .            (no cloak)
rCorr   .            (no gloves)
SInv    .            (no boots)
Will    .....        (no amulet)
Stlth   ++           (no ring)
HPRegen 0.22/turn    (no ring)
MPRegen 0.09/turn

%: no passive effects
@: no status effects
A: high MP 1, forlorn, divine attributes
a: no special abilities


You were on level 1 of the Dungeon.
You visited 1 branch of the dungeon, and saw 1 of its levels.

You collected 38 gold pieces.

Inventory:

Armour
 a - a +0 robe (worn)
Scrolls
 d - a scroll of immolation {unknown}
Potions
 b - a potion of magic
 c - a potion of might {unknown}


   Skills:
 - Level 1.7 Dodging
 - Level 1.7 Stealth
 + Level 2.0 Spellcasting
 + Level 3.7 Conjurations


You had 3 spell levels left.
You knew the following spells:

 Your Spells              Type           Power      Damage    Failure   Level
a - Magic Dart            Conj           68%        1d6       3%          1

Your spell library contained the following spells:

 Spells                   Type           Power      Damage    Failure   Level
 Searing Ray              Conj           34%        2d5       4%          2
 Fulminant Prism          Conj/Alch      4%         3d5       58%         4
 Iskenderun's Mystic Bla  Conj/Tloc      9%         2d4       58%         4


Dungeon Overview and Level Annotations

Branches:
Dungeon (1/15)


Innate Abilities, Weirdness & Mutations

You have an increased reservoir of magic. (+10% MP)
You shall have no god before yourself.
Your divine heritage dramatically boosts your attributes as you level up.


Message History

A quokka is nearby!
You are too injured to fight recklessly!
You are too injured to fight recklessly!
You are too injured to fight recklessly!
A quokka is nearby!
You are too injured to fight recklessly!
You are too injured to fight recklessly!
A quokka is nearby!
You are too injured to fight recklessly!
You are too injured to fight recklessly!
A quokka is nearby!
You are too injured to fight recklessly!
You are too injured to fight recklessly!
The quokka attacks as it pursues you! The quokka misses you.
Casting: Magic Dart (safe; 3% risk of failure)
Confirm with . or Enter, or press ? or * to list all spells.
Aiming: Magic Dart (safe; 3% risk of failure)
Press: ? - help, Shift-Dir - straight line, f/p - quokka
Aim: a quokka (severely wounded, 100% to hit)
The magic dart hits the quokka.
The quokka is almost dead.
The quokka barely misses you.
Casting: Magic Dart (safe; 3% risk of failure)
Confirm with . or Enter, or press ? or * to list all spells.
You don't have enough magic to cast this spell.
Unknown command.
The quokka attacks as it pursues you! The quokka bites you. x2
* * * LOW HITPOINT WARNING * * *
Your magical contamination has completely faded away.
Casting: Magic Dart (safe; 3% risk of failure)
Confirm with . or Enter, or press ? or * to list all spells.
Aiming: Magic Dart (safe; 3% risk of failure)
Press: ? - help, Shift-Dir - straight line, f/p - quokka
Aim: a quokka (almost dead, 100% to hit)
The magic dart hits the quokka but does no damage.
The quokka is almost dead.
The quokka bites you.
* * * LOW HITPOINT WARNING * * *
The quokka bites you.
You die...

#......#+#...⌠..#..#.#.##..# #
+.....##>##.....+..#.#.##..##.#
+.....##<##.....+..#.#........#
#..⌠...#'#......#..#.###.#.####
##...⌠.........##..#.......#
###.........####..#####.###
########+########..# #.#
...................# ##.#
.............r@....# ##..#
##.....##...).....####...##
....... +.........'.......#
....... #........†####...##
.##..## ##.......## #....# ##.
##.....## #.#### . ##...## #.#
## ##+## #.# #.#


You could see a quokka.

Vanquished Creatures
  An endoplasm (D:1)
  2 hobgoblins (D:1)
  A rat (D:1)
4 creatures vanquished.

Notes
Turn   | Place    | Note
-------+----------+-------------------------------------------
     0 | D:1      | McKennaii the Demigod Conjurer began the quest for the Orb.
     0 | D:1      | Reached XP level 1. HP: 14/14 MP: 5/5
   230 | D:1      | Slain by a quokka

Illustrated notes

Levels and vault maps discovered:
D:1:      dpeg_arrival_refuge, layout_loops_corners, serial_glass,
          glass_columns_a, glass_columns_a

Skill      XL: |  1 |
---------------+----+-----
Spellcasting   | 2 |  2.0
Dodging        | |  1.7
Stealth        | |  1.7
Conjurations   | |  3.7

Action                     || total
---------------------------++-------
  Melee: Unarmed           ||     7
   Cast: Magic Dart        ||    15
 Armour: Robe              ||    12
  Dodge: Dodged            ||    12
